FIQ, neutral male scurrid Tourist }}}}}}}}}}}}}}}}}}}}}}}}}}}}}}}}}}}}}}}}}}}}}}}}}}}}}}}}}}}}}}}}}}}}}}}}}}}} }}}}}}}}}%.}}}}}}}}}}}}}}}}}}}}}}}}}}}}}}}}}}}}.}}}}}}}}}}}}}}}}}}}}}}}}}}}} #.}}}}}}}}}}}}}}}}}}}}.}}}}}}}}}`}}}..%}}}}}}}.}}}}}......}}}}}}} #.}}}}}}}}}}}..}}}}..#.}}}}}}..[# # # ....}}}}}}}}} #..}}}}}I^.}}}}}.....# #.}} #......}}}}..#..}}.}}}.}`...}}}}}.# ....}}}#.}}}}.<...}}}}}}.# }}}}}}}}}}}}..# #..}}} }}}}}}}}}#.}}}}}}}}.. }}}}}}}..... ...}}}}}}}}}}}}}}}}}}}#.}}}}}}}} }}}}.# }}..}}}}}}}}}`}}}}}}} }}}} }}}}}}}}}} }.}} #}}}}}}}}}}}....}}}}}}}}}}# }}.#}}...}} }}}}} ..}}}}}}}}}}}.#...}}}}}} }%# #... # ...}}} }}}}.} }}}....}}}}}}}. .}}.}}}}}}}}}} .... # .}}}} }}}}}} }}}}}}}..#..}}}}}}}}}}}}}}..}}}}}. --.- # }}}... }}}} .}}}}}}}.# ....}}}}}}}}}}}..#.}}}}.# }}.}}}} .}...}..} #.#.}}}}}}.}}}}}}} ...}}.. }}}}}.. }..}}}... . }}}}}}}...}}}}}} }}}}}}# ....# }}}}}..}}} # .}}}}}}}}.#..}}}}} }}}}}}} .... }}}}}}}} }}}}}}}}}}}}.}}}}}}}}}}}}}} }}}} }}}}}} }}}}}}}}}}} }}}}}}}}}}}}}}}} }}}} FIQ the Rambler Experience level: 1 Strength: 11 Dexterity: 9 Constitution: 14 Intelligence: 10 Wisdom: 10 Charisma: 21 Health: 0(9) Energy: 2(2) Def: 0 Gold: 854 Moves: 150 Dungeon seed: lgUX7mht4eERtugR Game ID: FIQ_1498600706 Your Inventory: Coins $ - 854 gold pieces Weapons a - 53 uncursed +2 darts (in quiver) Armor e - an uncursed +0 Hawaiian shirt (being worn) Comestibles b - an uncursed egg c - 3 uncursed tripe rations d - an uncursed tin of jackal meat f - 2 uncursed chestnuts g - 2 uncursed food rations h - an uncursed clove of garlic i - an uncursed tin of spinach p - 2 uncursed candy bars Scrolls k - 4 uncursed scrolls of blank paper Potions j - 2 uncursed potions of extra healing Wands n - an uncursed wand of secret door detection (0:14) Tools l - an uncursed expensive camera (0:90) m - an uncursed credit card o - an uncursed leash Spells and supernatural/magical abilities: Name Level Category Fail Memory W - pray for help -- divine ? -- Your skills at the end: Miscellaneous Skills wands [Basic] Weapon Skills dart [Basic] Spellcasting Skills Final Attributes: You were devoutly aligned. You were blinded. You had infravision. You were very stealthy. You are dead. Voluntary challenges: You went without food. You did not adorn yourself with jewelry or accessories. You did not cause conflict. You were not invisible. You did not have reflection. You were not displaced. You were an atheist. You never hit with a wielded weapon. You were a pacifist. You did not use tools. You did not use plumbed fixtures. You did not drink any magical draughts. You were illiterate. You never genocided any monsters. You never polymorphed an object. You never changed form. You used no wishes. You never split a pudding. You never wrote Elbereth's name. You never violated your personal moral code. Dungeon overview: The Dungeons of Doom: levels 1 to 25 Level 1 a long staircase Level 2 a general store Level 3 Level 4 a general store Level 5 Level 6 a fountain a long staircase Level 7 Level 8 Level 9 Level 10 Level 11 Level 12 Level 13 Level 14 Level 15 Level 16 Level 17 Level 18 Level 19 Level 20 Level 21 a sink Level 22 Level 23 Level 24 Level 25 <- You were here many trees History has recorded: On T:1 you entered the Dungeons of Doom to retrieve the Amulet of Yendor! On T:91 you reached level 2 of The Dungeons of Doom. On T:95 you reached level 4 of The Dungeons of Doom. On T:100 you reached level 6 of The Dungeons of Doom. On T:102 you reached level 7 of The Dungeons of Doom. On T:104 you reached level 8 of The Dungeons of Doom. On T:106 you reached level 9 of The Dungeons of Doom. On T:109 you reached level 10 of The Dungeons of Doom. On T:112 you reached level 11 of The Dungeons of Doom. On T:115 you reached level 12 of The Dungeons of Doom. On T:117 you reached level 13 of The Dungeons of Doom. On T:119 you reached level 14 of The Dungeons of Doom. On T:121 you reached level 15 of The Dungeons of Doom. On T:121 you entered the Rogue tribute level. On T:124 you reached level 16 of The Dungeons of Doom. On T:126 you reached level 17 of The Dungeons of Doom. On T:128 you reached level 18 of The Dungeons of Doom. On T:130 you reached level 19 of The Dungeons of Doom. On T:134 you reached level 20 of The Dungeons of Doom. On T:136 you reached level 21 of The Dungeons of Doom. On T:139 you reached level 22 of The Dungeons of Doom. On T:141 you reached level 23 of The Dungeons of Doom. On T:143 you reached level 24 of The Dungeons of Doom. On T:145 you reached level 25 of The Dungeons of Doom. Score breakdown: Gold: 0 ( 0 points) Experience: 1 level ( 0 points) Exploration: 25 levels ( 720 points) Discoveries: 1 item ( 50 points) Variety of kills: 0 monsters ( 0 points) Major goal: (nothing yet) ( 0 points) Survival: died (score multiplied by 3) Total score: 2310 Latest messages: You dig a pit in the floor. You continue digging downward. You dig a hole through the floor. You fall through... You start digging downward. You continue digging downward. You dig a pit in the floor. You continue digging downward. You dig a hole through the floor. You fall through... You start digging downward. You continue digging downward. As you dig, the hole fills with water! You fall into the water! You sink like a rock. You try to crawl out of the water. Pheew! That was close. That command is only available in debug mode. You have no weapon equipped. You start digging downward. The raven pecks! The raven blinds you! You continue digging downward. You dig a pit in the floor. Something pecks! You die... Final status: Aloha FIQ the Tourist, killed by a raven... You died in The Dungeons of Doom on dungeon level 25 with 2310 points, and 854 pieces of gold, after 150 moves. You were level 1 with a maximum of 9 hit points when you died.